 Dungeon Crawl Stone Soup version 0.27-a0-1147-gb3d8e82157 (webtiles) character file.

Game seed: 1006433804891473000

365 Ijustatesigmund the Chopper (level 6, -1/39 HPs)
             Began as an Octopode Fighter on May 12, 2021.
             Slain by a scorpion (3 damage)
             ... on level 5 of the Dungeon.
             The game lasted 00:05:52 (4063 turns).

Ijustatesigmund the Chopper (Octopode Fighter)      Turns: 4063, Time: 00:05:55

Health: -1/39      AC:  1    Str: 15 (18) XL:     6   Next: 68%
Magic:  6/6        EV: 11    Int:  9 (11) God:
Gold:   168        SH: 13    Dex: 10 (12) Spells: 5/5 levels left

rFire    . . .     SeeInvis .   a - +0 war axe
rCold    . . .     Faith    .   b - +0 kite shield
rNeg     . . .     Spirit   .   (helmet restricted)
rPois    .         Reflect  +   j - amulet of reflection
rElec    .         Harm     .   (no ring)
rCorr    .         Rampage  .   (no ring)
Will     .....                  (no ring)
Stlth    ++........             (no ring)
HPRegen  0.13/turn              (no ring)
MPRegen  0.10/turn              (no ring)
                                (no ring)
                                (no ring)

@: lethally poisoned (-1 -> -21), attractive, very slightly contaminated,
invisible
A: almost no armour, amphibious, 8 rings, camouflage 1, gelatinous body 1,
(nimble swimmer 1), tentacles, frail 1, strong 1, subdued magic 1
a: no special abilities


You were on level 5 of the Dungeon.
You visited 1 branch of the dungeon, and saw 5 of its levels.

You collected 168 gold pieces.

Inventory:

Hand Weapons
 a - a +0 war axe (weapon)
Missiles
 k - 11 poisoned darts (quivered)
Armour
 b - a +0 kite shield (worn)
Jewellery
 j - an amulet of reflection (around mantle)
Scrolls
 h - a scroll of magic mapping
Potions
 c - a potion of might
 d - a potion of curing {unknown}
 f - 2 potions of attraction
 i - a potion of brilliance {unknown}


   Skills:
 + Level 4.6 Fighting
 + Level 5.2 Axes
 + Level 3.4 Dodging
 + Level 3.4 Shields


You had 5 spell levels left.
You didn't know any spells.
Your spell library contained the following spells:

 Spells                   Type           Power      Damage    Failure   Level
 Animate Skeleton         Necr           0%         N/A       85%         1
 Apportation              Tloc           0%         N/A       85%         1
 Corona                   Hex            0%         N/A       85%         1
 Magic Dart               Conj           0%         1d3       85%         1
 Summon Small Mammal      Summ           0%         N/A       85%         1
 Blink                    Tloc           N/A        N/A       94%         2
 Call Imp                 Summ           0%         N/A       94%         2
 Slow                     Hex            0%         N/A       94%         2
 Call Canine Familiar     Summ           0%         N/A       99%         3
 Conjure Flame            Conj/Fire      0%         6-21      99%         3
 Mephitic Cloud           Conj/Pois/Air  0%         N/A       99%         3
 Summon Guardian Golem    Hex/Summ       0%         N/A       99%         3
 Summon Ice Beast         Ice/Summ       0%         N/A       100%        4
 Summon Lightning Spire   Summ/Air       0%         N/A       100%        4


Dungeon Overview and Level Annotations

Branches:
Dungeon (5/15)
 Temple: D:4-7

Altars:
Sif Muna
Wu Jian


Innate Abilities, Weirdness & Mutations

You cannot wear most types of armour.
You are amphibious.
You can wear up to eight rings at the same time.
Your skin changes colour to match your surroundings (Stealth+).
Your rubbery body absorbs attacks. (AC +1, EV +1)
((You are camouflaged near water. (Stealth+)))
You have tentacles for arms and can constrict up to eight enemies at once.
You are frail. (-10% HP)
Your muscles are strong. (Str +2)
Your spells are a little easier to cast, but a little less powerful.


Message History

You enter a teleport trap!
The teleport trap disappears.
Your surroundings suddenly seem different.
An iguana, a water moccasin and a scorpion come into view.
Found an encrusted brass wand.
The helpless water moccasin fails to defend itself.
You slash the water moccasin!
The iguana hisses angrily.
You grab the water moccasin. You squeeze the water moccasin!
The water moccasin is severely wounded.
You constrict the water moccasin, but do no damage.
The water moccasin bites you.
You are poisoned.
The water moccasin poisons you! You block the water moccasin's attack.
You hit the water moccasin. You squeeze the water moccasin.
You kill the water moccasin!
You hit the iguana. You hit the scorpion.
You feel very sick. You block the scorpion's attack.
You block the iguana's attack. The scorpion stings you!
You are more poisoned.
The scorpion poisons you!
It was a potion of attraction.
You feel attractive to monsters.
You feel very sick. The iguana bites you. The scorpion stings you.
You are more poisoned.
The scorpion poisons you!
It was a potion of invisibility.
You fade into invisibility!
* * * LOW HITPOINT WARNING * * *
You feel extremely sick. The iguana barely misses you.
The scorpion closely misses you.
You are very lightly contaminated with residual magic.
It was a potion of degeneration.
There was something very wrong with that liquid.
You feel weakened.
You feel dopey.
You feel clumsy.
* * * LOW HITPOINT WARNING * * *
You feel very sick. The scorpion stings you.
You die...

**,,,,,,,,,,,,,,,**,,,,**,**###.#
+,,,,,,,,,,,,,,,,,,,,,,,*,* #.#
********,,,,,*,,,,,,,,,,,,* #..
** *,,,,,**#####**,**,****### ,*
*,,,,,*##...##*,,,,**,,,** ,**
*,,,,,##.....##,,,**,,,,,* ,,*
*,,,,,#.......#,,,*,,,,,,, *,**
*,,,,,#../....+,,,+,,,,,,, ,,,*
*,,,,,#..@s...#,,,*,,,,,,,
**,*****,,,,,##..l..##,,,**,,,,,*
*,,,,,,,,*+*,*##...##*,,,***,,,**
*,,,,,,,,*,*,* ##### *,,,* *****
*,,,,,,,,*,*,***,,,***,,,***,,,**
*,,,,,,,,*,****,,,,,**,,,**,,,,,*
,,,,,,,,,*,* *,,,,,,,*,,,*,,,,,,,
*,,,,,,,,,,* *,,,,,,,+,,,+,,,,,,,
*,,,,,,,,,,* *,,,,,,,*,,,*,,,,,,,


You could see a scorpion and an iguana.

Vanquished Creatures
  A water moccasin (D:5)
  An ogre (D:4)
  2 orc wizards
  Terence (D:2)
  3 adders
  An adder skeleton (D:4)
  2 dart slugs (D:1)
  8 orcs
  5 ball pythons
  3 endoplasms
  2 giant cockroaches
  5 goblins
  6 hobgoblins
  7 kobolds
  3 bats
  A frilled lizard (D:2)
  5 rats
56 creatures vanquished.

Vanquished Creatures (collateral kills)
  A ball python (D:4)
1 creature vanquished.

Grand Total: 57 creatures vanquished

Notes
Turn   | Place    | Note
-------+----------+-------------------------------------------
     0 | D:1      | Ijustatesigmund the Octopode Fighter began the quest for
                  | the Orb.
     0 | D:1      | Reached XP level 1. HP: 16/16 MP: 1/1
   370 | D:1      | Reached XP level 2. HP: 21/21 MP: 2/2
   793 | D:2      | Found a faded altar of an unknown god.
   890 | D:2      | Reached skill level 3 in Axes
  1057 | D:2      | Reached XP level 3. HP: 18/26 MP: 3/3
  1057 | D:2      | Noticed Terence
  1156 | D:2      | Killed Terence
  1832 | D:2      | Reached XP level 4. HP: 33/33 MP: 4/4
  2702 | D:3      | Gained mutation: Your muscles are strong. (Str +2) [potion
                  | of mutation]
  2702 | D:3      | Gained mutation: You are frail. (-10% HP) [potion of
                  | mutation]
  2702 | D:3      | Gained mutation: Your spells are a little easier to cast,
                  | but a little less powerful. [potion of mutation]
  2707 | D:3      | Reached skill level 4 in Axes
  3259 | D:4      | Noticed an ogre
  3268 | D:4      | Killed an ogre
  3269 | D:4      | Reached XP level 5. HP: 33/33 MP: 5/5
  3457 | D:4      | Identified the +5 leather armour of Ymargh {Contam Harm
                  | rPois Str+3}
  3625 | D:4      | Reached XP level 6. HP: 39/39 MP: 6/6
  3666 | D:4      | Found a shimmering blue altar of Sif Muna.
  3672 | D:4      | Reached skill level 5 in Axes
  4024 | D:5      | Entered Level 5 of the Dungeon
  4055 | D:5      | Found an ornate altar of the Wu Jian Council.
  4058 | D:5      | Noticed a water moccasin
  4060 | D:5      | Killed a water moccasin
  4063 | D:5      | Slain by a scorpion

Illustrated notes

Levels and vault maps discovered:
D:1:      psy_arrival_radial01, layout_loops_cross,
          chequers_serial_rivers_micro_c
D:2:      layout_loops_corners, chequers_ecumenical_altar_lobes, uniq_terence
D:3:      layout_basic, kennysheep_crisscross
D:4:      layout_basic, kennysheep_orc_sif_temple, minivault_11,
          serial_park_tiny_1
D:5:      kennysheep_six_static_rooms, layout_basic, lemuel_tele_altar,
          gup_sewer_entry_spiral, minmay_misc_feat_x

Skill      XL: |  1  2  3  4  5  6 |
---------------+-------------------+-----
Axes           | 3 4 5 |  5.2
Fighting       | 4 |  4.6
Dodging        | |  3.4
Shields        | |  3.4

Action                   |  1- 3 |  4- 6 || total
-------------------------+-------+-------++-------
Melee: War axe           |    46 |    55 ||   101
       Constrict         |    11 |    13 ||    24
       Tentacles         |     7 |     8 ||    15
  Use: Scroll            |     1 |     5 ||     6
       Potion            |       |     6 ||     6
 Stab: Sleeping          |     5 |     7 ||    12
Armor: Skin              |     5 |     4 ||     9
Dodge: Dodged            |    15 |    19 ||    34
Block: Kite shield       |    19 |    21 ||    40

Table legend: (Time is in decaauts)
 A = Elapsed time spent in this place.
 B = Non-inter-level travel time spent in this place.
 C = Inter-level travel time spent in this place.
 D = Time resting spent in this place.
 E = Time spent auto-exploring this place.
 F = Levels seen in this place.
 G = Mean time per level.
                   A        B        C        D        E       F      G
               +--------+--------+--------+--------+--------+-----+--------+
         Total |   4127 |   4012 |    115 |    584 |   2957 |   5 |  825.4 |
       Dungeon |   4127 |   4012 |    115 |    584 |   2957 |   5 |  825.4 |
               +--------+--------+--------+--------+--------+-----+--------+

Top non-repeatable levels by time:
     D:3: 1232 daAuts
     D:2: 1164 daAuts
     D:1: 865 daAuts
     D:4: 824 daAuts
     D:5: 39 daAuts
